 Dungeon Crawl Stone Soup version 0.27-a0-1123-g2f9bb313c0 (webtiles) character file.

Game seed: 12446909649607948055

82 Zeld the Skirmisher (level 4, -3/33 HPs)
             Began as an Octopode Fighter on May 3, 2021.
             Slain by a goblin
             ... wielding a +0 club
             ... led by Robin
              (5 damage)
             ... on level 2 of the Dungeon.
             The game lasted 00:01:36 (1575 turns).

Zeld the Skirmisher (Octopode Fighter)              Turns: 1575, Time: 00:01:37

Health: -3/33      AC:  1    Str: 16    XL:     4   Next: 43%
Magic:  4/4        EV: 11    Int: 10    God:
Gold:   47         SH:  9    Dex: 11    Spells: 3/3 levels left

rFire    . . .     SeeInvis .   a - +0 war axe
rCold    . . .     Faith    .   b - +0 kite shield
rNeg     . . .     Spirit   .   (helmet restricted)
rPois    .         Reflect  .   (no amulet)
rElec    .         Harm     .   (no ring)
rCorr    .         Rampage  .   (no ring)
Will     .....                  (no ring)
Stlth    ++........             (no ring)
HPRegen  0.11/turn              (no ring)
MPRegen  0.09/turn              (no ring)
                                (no ring)
                                (no ring)

@: no status effects
A: almost no armour, amphibious, 8 rings, camouflage 1, gelatinous body 1,
(nimble swimmer 1), tentacles
a: no special abilities


You were on level 2 of the Dungeon.
You visited 1 branch of the dungeon, and saw 2 of its levels.

You collected 47 gold pieces.

Inventory:

Hand Weapons
 a - a +0 war axe (weapon)
Armour
 b - a +0 kite shield (worn)
Wands
 h - a wand of digging (4)
Scrolls
 d - a scroll of blinking {unknown}
 f - 3 scrolls of identify {unknown}
 g - a scroll of noise {unknown}
Potions
 c - a potion of might
 e - a potion of haste


   Skills:
 * Level 3.8 Fighting
 * Level 3.1 Axes
 - Level 3.0 Dodging
 * Level 3.8 Shields


You had 3 spell levels left.
You didn't know any spells.
Your spell library was empty.

Dungeon Overview and Level Annotations

Branches:
Dungeon (2/15)

Altars:

Annotations:
D:2 Robin


Innate Abilities, Weirdness & Mutations

You cannot wear most types of armour.
You are amphibious.
You can wear up to eight rings at the same time.
Your skin changes colour to match your surroundings (Stealth+).
Your rubbery body absorbs attacks. (AC +1, EV +1)
((You are camouflaged near water. (Stealth+)))
You have tentacles for arms and can constrict up to eight enemies at once.


Message History

The goblin shouts!
You hit the goblin.
You kill the goblin!
You hit the goblin. You completely miss the goblin.
You hear a shout!
The goblin hits you with a +0 club.
A goblin comes into view. It is wielding a +0 club.
You block the goblin's attack.
A goblin comes into view. It is wielding a +0 club.
Robin says, "Duck!"
Robin roars a battlecry!
The goblins go into a battle-frenzy!
The goblin barely misses you. The hobgoblin closely misses you.
The goblin hits you with a +0 club.
A goblin comes into view. It is wielding a +0 dagger. x2
You slash the hobgoblin!
You kill the hobgoblin!
You hit the goblin but do no damage. You miss the goblin.
The goblin barely misses you. The goblin hits you with a +0 club. x2
You closely miss the goblin. You grab the goblin. You slash the goblin!
You kill the goblin!
You barely miss the goblin. You constrict the goblin.
You kill the goblin!
You block the goblin's attack.
Robin drinks a potion.
Robin seems to speed up.
The goblin barely misses you. The goblin closely misses you.
Robin throws the goblin at you! You block the goblin's attack.
You slash the goblin!
You kill the goblin!
You barely miss the goblin. You closely miss the goblin.
The goblin barely misses you. The goblin hits you with a +0 club. x2
Unknown command.
You barely miss the goblin. You grab the goblin.
You closely miss the goblin. x2
You constrict the goblin. The goblin hits you with a +0 club.
* * * LOW HITPOINT WARNING * * *
The goblin hits you with a +0 club.
* * * LOW HITPOINT WARNING * * *
The goblin hits you with a +0 club.
* * * LOW HITPOINT WARNING * * *
You block the goblin's attack. The goblin hits you with a +0 club.
You die...

#.. ##..
... #..##
## ..g###.
.gg.. #g#.#
#@#.###.# #
#gg..$..#
#.#...###.#
#..##.#...#
#........##
#..####.##
#..####.##
#.......†#
#.#####.##


You could see Robin (fast) and 5 goblins.

Vanquished Creatures
  Terence (D:2)
  2 adders (D:2)
  A dart slug (D:1)
  6 ball pythons
  3 bats
  3 endoplasms
  9 goblins
  2 hobgoblins
  2 jackals (D:1)
  A kobold (D:1)
  2 quokkas (D:1)
  2 rats
34 creatures vanquished.

Vanquished Creatures (others)
  5 fungi (D:1)
  4 plants (D:1)
  A withered plant (D:1)
10 creatures vanquished.

Grand Total: 44 creatures vanquished

Notes
Turn   | Place    | Note
-------+----------+-------------------------------------------
     0 | D:1      | Zeld the Octopode Fighter began the quest for the Orb.
     0 | D:1      | Reached XP level 1. HP: 16/16 MP: 1/1
   110 | D:1      | Found a faded altar of an unknown god.
   484 | D:1      | Reached XP level 2. HP: 21/21 MP: 2/2
   827 | D:1      | Reached XP level 3. HP: 26/26 MP: 3/3
  1106 | D:2      | Noticed Terence
  1112 | D:2      | Killed Terence
  1358 | D:2      | Reached XP level 4. HP: 29/33 MP: 4/4
  1568 | D:2      | Noticed Robin
  1575 | D:2      | Slain by a goblin

Illustrated notes

Levels and vault maps discovered:
D:1:      ebering_hopf_link, layout_basic, shapermc_ecumenical_altar_gd,
          minmay_tetromino_l4
D:2:      layout_loops_ring, kennysheep_generic_room_15, uniq_robin,
          uniq_terence

Skill      XL: |  1  2  3  4 |
---------------+-------------+-----
Axes           | 3 |  3.1
Fighting       | |  3.8
Dodging        | |  3.0
Shields        | |  3.8

Action                   |  1- 3 |  4- 6 || total
-------------------------+-------+-------++-------
Melee: War axe           |    39 |    12 ||    51
       Constrict         |    12 |     3 ||    15
       Tentacles         |    10 |     2 ||    12
 Stab: Sleeping          |     2 |     1 ||     3
Armor: Skin              |     4 |     1 ||     5
Dodge: Dodged            |    21 |     7 ||    28
Block: Kite shield       |    16 |     4 ||    20

Table legend: (Time is in decaauts)
 A = Elapsed time spent in this place.
 B = Non-inter-level travel time spent in this place.
 C = Inter-level travel time spent in this place.
 D = Time resting spent in this place.
 E = Time spent auto-exploring this place.
 F = Levels seen in this place.
 G = Mean time per level.
                   A        B        C        D        E       F      G
               +--------+--------+--------+--------+--------+-----+--------+
         Total |   1604 |   1516 |     88 |      0 |   1286 |   2 |  802.0 |
       Dungeon |   1604 |   1516 |     88 |      0 |   1286 |   2 |  802.0 |
               +--------+--------+--------+--------+--------+-----+--------+

Top non-repeatable levels by time:
     D:1: 1124 daAuts
     D:2: 480 daAuts
